[Event "Late-Titled-Tuesday-Blitz-March-05-2024"]
[Site "Chess.com"]
[Date "2024.03.05"]
[Round "5"]
[White "BilicVladimir"]
[Black "VojtechPlat"]
[Result "0-1"]
[WhiteElo "2631"]
[BlackElo "2860"]
[TimeControl "180+1"]
[EndTime "14:54:30 PST"]
[Termination "VojtechPlat won by resignation"]

1. e4 d6 2. d4 Nf6 3. Bd3 e5 4.
c3 d5 5. dxe5 Nxe4 6. Nf3 Nc6 7.
h3 Bc5 8. O-O Be6 9. Nbd2 Ng3 10. Re1 Nf5 11. Nb3 Bb6 12. Bc2 h6 13. Nbd4 Ncxd4 14.
Nxd4 Nxd4 15. cxd4 Qd7 16. Be3 Qe7 17. a4 a5 18. Qd3 c6 19. Bd2 g6 20. Qc3 c5 21.
dxc5 Qxc5 22. Qxc5 Bxc5 23. Bd3 Ke7 24. Rac1 b6 25. Bb5 Rac8 26. Ba6 Rc7 27. b4 axb4 28. Bxb4 Ra8 29. Bb5 Bd7 30. Bxd7 Kxd7 31. Bd2 h5 32.
Ra1 Rca7 33. a5 bxa5 34. Ra4 Ke6 35. Kf1 Rb7 36. Rxa5 Rxa5 37. Bxa5 Rb2 38. Re2 Rb1+ 39. Re1 Rxe1+ 40. Kxe1 Kxe5 41. Ke2 Ke4 42. f3+ Kd4 43. g4 Kc4 44. gxh5 gxh5 45. Bc7 f5 46. Be5 d4 47. Bf6 d3+ 48. Kd1 Be3 49. Be5 Kd5 50. Bg3 Kd4 51. Bd6 Bg5 52. Bg3 Ke3 0-1

[Event "Late-Titled-Tuesday-Blitz-March-05-2024"]
[Site "Chess.com"]
[Date "2024.03.05"]
[Round "5"]
[White "WindWhistler11"]
[Black "semchik73"]
[Result "0-1"]
[WhiteElo "2535"]
[BlackElo "2438"]
[TimeControl "180+1"]
[EndTime "14:54:31 PST"]
[Termination "semchik73 won by resignation"]

1. c4 e5 2. Nc3 Nf6 3. Nf3 Nc6 4.
e4 Bc5 5. Nxe5 Nxe5 6. d4 Bb4 7. dxe5 Nxe4 8. Qf3 Nxc3 9. bxc3 Ba5 10. Be2 Qe7 11. Qg3 d6 12. Bf4 dxe5 13. Bxe5 f6 14. Bd4 c5 15. Kd2 cxd4 16. Bh5+ g6 17. Rae1 Bxc3+ 18. Kd1 Bxe1 19. Rxe1 Be6 20. Bg4 f5 21. Bf3 O-O 22.
Bd5 Rf6 23. Qe5 Re8 24. h4 Kf7 25. Qxd4 Qd6 26. Re5 Bxd5 27. Rxd5 Qe6 28. Kc2 Re7 29. h5 Qe4+ 30. Kc3 Qxd4+ 31. Kxd4 Re4+ 32. Kd3 Rc6 33. f3 Rexc4 34. hxg6+ hxg6 35. Rd7+ Kf6 36. Rxb7 0-1

[Event "Late-Titled-Tuesday-Blitz-March-05-2024"]
[Site "Chess.com"]
[Date "2024.03.05"]
[Round "5"]
[White "Statham_01"]
[Black "GMAkobianSTL"]
[Result "0-1"]
[WhiteElo "2591"]
[BlackElo "2815"]
[TimeControl "180+1"]
[EndTime "14:54:32 PST"]
[Termination "GMAkobianSTL won by resignation"]

1. e4 d6 2. d4 Nf6 3. Nc3 c6 4. f4 Qa5 5. Bd3 e5 6. Nf3 exd4 7. Nxd4 Qb6 8. Nf3 g6 9. Qe2 Bg7 10. a3 O-O 11. Qe3 Nbd7 12. Qxb6 axb6 13. O-O Nc5 14. h3 Re8 15. Re1 b5 16. e5 dxe5 17. fxe5 Nfd7 18. Bf4 Nxd3 19. cxd3 Nc5 20. Rad1 Bf5 21.
Re3 Rad8 22. d4 Ne6 23. Bg3 Bh6 24. Re2 Rd7 25. Ne4 Bxe4 26. Rxe4 Red8 27. Bh4 g5 28. Bf2 Bf8 29. h4 h6 30. hxg5 hxg5 31. Be3 Be7 32. Rg4 Kf8 33. Rf1 Ke8 34. Nxg5 Bxg5 35. Bxg5 Rxd4 36. Rg3 Nxg5 37. Rxg5 Ke7 38. Rg7 Rf8 39.
Rf2 Re4 40. Rg5 Re1+ 41. Kh2 Rh8+ 42. Kg3 Rh6 43. Rgf5 Rg6+ 44. Kh2 Rg7 45. g3 Re3 46.
R2f3 Re2+ 47. Kh3 Rxb2 48. a4 bxa4 49. R5f4 b5 50. e6 fxe6 51. Rf8 Rb3 52. R3f4 Rbxg3+ 53. Kh4 Rg1 0-1

[Event "Late-Titled-Tuesday-Blitz-March-05-2024"]
[Site "Chess.com"]
[Date "2024.03.05"]
[Round "5"]
[White "becemix"]
[Black "chegueps"]
[Result "1-0"]
[WhiteElo "2476"]
[BlackElo "2644"]
[TimeControl "180+1"]
[EndTime "14:54:32 PST"]
[Termination "becemix won on time"]

1. e4 Nf6 2. e5 Nd5 3. c3 d6 4. d4 dxe5 5. dxe5 Nc6 6. Bb5 Bf5 7.
Nf3 Qd7 8. Nd4 O-O-O 9. Nxc6 bxc6 10. Ba6+ Kb8 11. O-O Nb6 12. Qb3 Qd5 13. Na3 Qxb3 14. axb3 e6 15. Be3 Be7 16. Nc4 Bd3 17. Na5 Bxa6 18.
Nxc6+ Kb7 19. Na5+ Kc8 20. c4 Bb7 21. c5 Nd5 22. c6 Ba6 23. Nc4 Nb4 24. Rfc1 Rd3 25. Bd2 Bb5 26. Rxa7 Bxc6 27. Bc3 Rhd8 28. Ne3 1-0

[Event "Late-Titled-Tuesday-Blitz-March-05-2024"]
[Site "Chess.com"]
[Date "2024.03.05"]
[Round "5"]
[White "MathiasWomacka"]
[Black "Rutricks"]
[Result "0-1"]
[WhiteElo "2538"]
[BlackElo "2718"]
[TimeControl "180+1"]
[EndTime "14:54:34 PST"]
[Termination "Rutricks won by resignation"]

1. e4 g6 2. d4 Bg7 3. Nc3 c6 4. f4 d5 5. e5 f6 6. Be3 Nh6 7. Nf3 Bg4 8. Bd3 O-O 9. O-O fxe5 10. fxe5 e6 11. h3 Bxf3 12. Rxf3 Rxf3 13. Qxf3 c5 14. Rf1 Nf5 15. Bxf5 gxf5 16. g4 cxd4 17. Bxd4 Nc6 18.
Ne2 Qh4 19. Bf2 fxg4 20. hxg4 Qg5 21. Bg3 Rf8 22. Bf4 Nxe5 23. Qg3 Qf6 24. g5 Qf7 25. Qh3 Ng6 26. c3 e5 27. Be3 Qxf1+ 28. Qxf1 Rxf1+ 29. Kxf1 a6 30. Ng3 Kf7 31. Nf5 Bf8 32. Ke2 Ke6 33. Ng3 Be7 34. Kd3 Nf4+ 35. Bxf4 exf4 36. Ne2 Bxg5 37. Nd4+ Ke5 38. Nf3+ Kf5 39. Nd4+ Kg4 0-1

[Event "Late-Titled-Tuesday-Blitz-March-05-2024"]
[Site "Chess.com"]
[Date "2024.03.05"]
[Round "5"]
[White "Arystanner"]
[Black "anasta10"]
[Result "1-0"]
[WhiteElo "2865"]
[BlackElo "2512"]
[TimeControl "180+1"]
[EndTime "14:54:36 PST"]
[Termination "Arystanner won on time"]

1. d4 Nf6 2. c4 c5 3. d5 d6 4.
Nc3 g6 5. e4 Bg7 6. Bd3 O-O 7. h3 e6 8. Nf3 exd5 9. exd5 Re8+ 10. Be3 Na6 11. O-O Nc7 12. Re1 b6 13. Bf4 Rxe1+ 14.
Qxe1 a6 15. a4 h6 16. Qd2 g5 17. Bh2 Nce8 18. Re1 Bd7 19. Qc2 Rb8 20. Nd2 b5 21.
axb5 axb5 22. cxb5 Bf8 23. Nc4 Bxb5 24. Nxb5 Rxb5 25.
Nxd6 Bxd6 26. Bxd6 Nxd6 27. Bxb5 Nxb5 28. Qxc5 Nd6 29.
b4 Qd7 30. Qc6 Qd8 31. b5 Qa5 32. Rc1 Qd2 33. b6 Nfe4 34. Rf1 Qb2 35. Kh2 Qe5+ 36.
g3 Qb2 37. Kg2 Kg7 38. Qc7 Qb4 39. Qa7 Nf6 40. Rd1 Qe4+ 41. Kg1 Qe2 42. Qa1 Qb5 43.
Qd4 Qb3 44. Rc1 Nf5 45. Qe5 1-0

[Event "Late-Titled-Tuesday-Blitz-March-05-2024"]
[Site "Chess.com"]
[Date "2024.03.05"]
[Round "5"]
[White "Sinquefield"]
[Black "AlexTruskavetsky"]
[Result "1-0"]
[WhiteElo "2505"]
[BlackElo "2688"]
[TimeControl "180+1"]
[EndTime "14:54:36 PST"]
[Termination "Sinquefield won by checkmate"]

1. d4 Nf6 2. Nf3 e6 3. Bg5 Be7 4. Nbd2 d5 5. e3 Nbd7 6. Bd3 O-O 7. c3 h6 8. Bh4 c5 9. O-O b6 10. Ne5 Bb7 11. f4 Ne4 12. Bxe7 Qxe7 13. Ndf3 Ndf6 14. g4 Ne8 15. Qc2 N8d6 16. Kh1 Rfc8 17. Qg2 f6 18. Ng6 Qf7 19. Nfh4 Nc4 20. Rae1 cxd4 21. exd4 a5 22. g5 hxg5 23. fxg5 Nxg5 24. Qg4 Ne4 25. Qh5 Qc7 26. Rg1 Nf2+ 27. Kg2 Nxd3 28. Ref1 Kf7 29. Kh1 Ke8 30. Ne5+ Ke7 31. Rxg7+ Kd6 32. Rxc7 Rxc7 33. Rxf6 Ndxe5 34. dxe5+ Nxe5 35. Nf5+ Kc5 36. Nd4 Nd7 37. Rxe6 Rg8 38. Qe2 Bc6 39. Nb3# 1-0

[Event "Late-Titled-Tuesday-Blitz-March-05-2024"]
[Site "Chess.com"]
[Date "2024.03.05"]
[Round "5"]
[White "MusicCityMaster"]
[Black "BeanScreen"]
[Result "1-0"]
[WhiteElo "2509"]
[BlackElo "2704"]
[TimeControl "180+1"]
[EndTime "14:54:37 PST"]
[Termination "MusicCityMaster won by resignation"]

1. d4 d5 2. c4 e6 3. Nc3 c5 4.
cxd5 cxd4 5. Qa4+ Bd7 6. Qxd4 exd5 7. Qxd5 Nf6 8. Qd1 Bc5 9. e3 O-O 10. Nf3 Qe7 11. Be2 Rd8 12. Qc2 Nc6 13. a3 Ne5 14.
O-O Bc6 15. e4 Neg4 16. h3 Nxf2 17. Rxf2 Nxe4 18. Nxe4 Bxe4 19. Qc3 Bxf3 20. Qxf3 Rd1+ 21. Kh2 Re1 22. Bg5 Bd6+ 23. g3 Qxg5 24. Rxe1 Kh8 25. Bd3 f6 26. Rfe2 Rf8 27. Re8 g6 28. Rxf8+ Bxf8 29. Re8 Kg7 30. Qxb7+ Kh6 31. Rxf8 Qd2+ 32.
Qg2 Qxd3 33. Rxf6 Qd4 34. Rf4 Qe5 35. Qf2 Kg7 36. Rf7+ Kg8 37. Rf8+ Kg7 38. Qf7+ Kh6 39. Qf4+ Qxf4 40. Rxf4 1-0

[Event "Late-Titled-Tuesday-Blitz-March-05-2024"]
[Site "Chess.com"]
[Date "2024.03.05"]
[Round "5"]
[White "jactorres"]
[Black "zano2023"]
[Result "0-1"]
[WhiteElo "2250"]
[BlackElo "2116"]
[TimeControl "180+1"]
[EndTime "14:54:37 PST"]
[Termination "zano2023 won on time"]

1. e4 e5 2. Nf3 d6 3. Bc4 Be7 4.
d4 exd4 5. Nxd4 Nf6 6. Nc3 O-O 7. O-O c6 8. Bb3 b5 9. a3 a6 10. Nf3 c5 11. e5 dxe5 12. Qxd8 Bxd8 13. Nxe5 c4 14.
Ba2 Bb7 15. Be3 Bc7 16. Nf3 Nc6 17. b3 Ne5 18. Nd4 cxb3 19. Bxb3 Neg4 20. Rfe1 Bxh2+ 21. Kh1 Bc7 22. Bg5 Nxf2+ 23. Kg1 N2g4 24. Bxf6 Nxf6 25. Nf5 Rfe8 26. Rxe8+ Rxe8 27. Rd1 Bc8 28. Nd4 Bb6 29. Kh1 Rd8 30. Nc6 Rxd1+ 31. Nxd1 Bb7 32. Ne5 Bd5 33. Nc3 Bxb3 34. cxb3 Bd4 35. Nc6 Bxc3 36.
Nb8 a5 37. Kg1 Bb2 38. a4 bxa4 39. bxa4 Kf8 40. Kf2 Bc3 41. Ke3 Ke7 42. Kd3 Be1 43. Kc4 Nd7 44. Nc6+ Kd6 45. Nd4 Nb6+ 46. Kb5 Kd5 0-1

[Event "Late-Titled-Tuesday-Blitz-March-05-2024"]
[Site "Chess.com"]
[Date "2024.03.05"]
[Round "5"]
[White "TheCavemanChess"]
[Black "Azerichess"]
[Result "0-1"]
[WhiteElo "2737"]
[BlackElo "3058"]
[TimeControl "180+1"]
[EndTime "14:54:38 PST"]
[Termination "Azerichess won on time"]

1. e4 d5 2. exd5 Qxd5 3. Nc3 Qa5 4. d4 Nf6 5. Nf3 Bf5 6. Bc4 e6 7. O-O Nc6 8. Bb5 Bb4 9. a4 O-O 10. Bxc6 bxc6 11. Ne5 Bxc3 12. Nxc6 Qa6 13. Ne7+ Kh8 14. Nxf5 Bxb2 15. Bxb2 exf5 16. Qf3 Qe6 17. d5 Qxd5 18. Bxf6 Qxf3 19. gxf3 gxf6 20. Rab1 Rg8+ 21. Kh1 Rab8 22. Rfd1 Kg7 23. Kg2 Kh6+ 24. Kf1 Kg6 25. Ke2 Rge8+ 26. Kf1 a6 27. Rb3 Rxb3 28. cxb3 Re6 29. Rd3 Rc6 30. Kg2 f4 31. Rd5 f5 32. Ra5 Kf6 33. b4 Rb6 0-1

[Event "Late-Titled-Tuesday-Blitz-March-05-2024"]
[Site "Chess.com"]
[Date "2024.03.05"]
[Round "5"]
[White "HaryKane"]
[Black "stollenmonster"]
[Result "0-1"]
[WhiteElo "2602"]
[BlackElo "2874"]
[TimeControl "180+1"]
[EndTime "14:54:39 PST"]
[Termination "stollenmonster won by resignation"]

1. e4 c5 2. Nf3 Nf6 3. e5 Nd5 4. g3 Nc6 5. Bg2 g6 6. O-O Bg7 7. Re1 O-O 8. Nc3 Nb6 9. d3 d5 10. Bf4 Bg4 11. Qd2 Rc8 12. Bh6 Nd4 13. Bxg7 Kxg7 14.
Nh4 Qd7 15. Nd1 h6 16. c3 Nf5 17. Nxf5+ Bxf5 18. Ne3 Be6 19. f4 d4 20. Nd1 dxc3 21.
bxc3 Rfd8 22. Nf2 h5 23. Rab1 Qa4 24. Rb2 Nc4 25. Qc1 Nxb2 26. Qxb2 b6 27. a3 Bf5 28. Be4 Bxe4 29. Rxe4 Qc6 30. f5 Rxd3 31. f6+ exf6 32. exf6+ Kg8 33. Qe2 Rd6 34. Nh3 Re6 35. Rxe6 Qxe6 36.
Qf1 Qe3+ 37. Kg2 Rd8 38. Nf4 Rd2+ 39. Kh3 Qf2 0-1

[Event "Late-Titled-Tuesday-Blitz-March-05-2024"]
[Site "Chess.com"]
[Date "2024.03.05"]
[Round "5"]
[White "esrosenberg"]
[Black "averageFM"]
[Result "0-1"]
[WhiteElo "2446"]
[BlackElo "2589"]
[TimeControl "180+1"]
[EndTime "14:54:40 PST"]
[Termination "averageFM won by checkmate"]

1. d4 Nf6 2. c4 e6 3. Nc3 Bb4 4.
Nf3 O-O 5. Bg5 h6 6. Bh4 d5 7. e3 g5 8. Bg3 Ne4 9. Qc2 c5 10. Bd3 f5 11. Bxb8 Rxb8 12. O-O cxd4 13. exd4 Nxc3 14.
bxc3 Bd6 15. Rae1 Qf6 16. Ne5 Qg7 17. f4 b6 18. cxd5 exd5 19. fxg5 Qxg5 20. Rf3 f4 21.
Ng6 Rd8 22. h4 Qh5 23. Ne7+ Bxe7 24. Rxe7 Qxh4 25. Bh7+ Kh8 26. Qe2 Qg5 27. Rxa7 Bg4 28. Bf5 Re8 29. Rh7+ Kg8 30. Qb5 Bxf3 31. Bh3 Re1+ 32.
Kf2 Qg3# 0-1

[Event "Late-Titled-Tuesday-Blitz-March-05-2024"]
[Site "Chess.com"]
[Date "2024.03.05"]
[Round "5"]
[White "Slovak_fighter2000"]
[Black "sergiochess83"]
[Result "1-0"]
[WhiteElo "2646"]
[BlackElo "2844"]
[TimeControl "180+1"]
[EndTime "14:54:43 PST"]
[Termination "Slovak_fighter2000 won by resignation"]

1. c4 g6 2. d4 Nf6 3. Nf3 Bg7 4.
g3 O-O 5. Bg2 d6 6. O-O Nbd7 7.
Nc3 e5 8. Qc2 Re8 9. Rd1 h6 10.
dxe5 dxe5 11. Nd2 Qe7 12. Nd5 Nxd5 13. cxd5 Nb6 14. e4 Bg4 15. f3 Bd7 16. Nb3 Ba4 17.
Be3 c6 18. d6 Qe6 19. Qd3 Nd7 20. Rd2 b6 21. Bf1 Red8 22. Qc4 Qxc4 23. Bxc4 Bf8 24. Rc1 Kg7 25. Na1 c5 26. b3 Bc6 27. Rcd1 Rac8 28. Ba6 Rb8 29. a4 f5 30. exf5 gxf5 31. Kf2 Nf6 32.
Bd3 e4 33. Be2 Rb7 34. Bf4 exf3 35. Bxf3 Bxf3 36. Kxf3 Ne4 37. Rd5 Rf7 38. g4 Nc3 39. Be5+ 1-0

[Event "Late-Titled-Tuesday-Blitz-March-05-2024"]
[Site "Chess.com"]
[Date "2024.03.05"]
[Round "5"]
[White "ChessSwole"]
[Black "elmusmolamas"]
[Result "1-0"]
[WhiteElo "2724"]
[BlackElo "2495"]
[TimeControl "180+1"]
[EndTime "14:54:43 PST"]
[Termination "ChessSwole won by checkmate"]

1. d4 Nf6 2. c4 c5 3. d5 b5 4. cxb5 a6 5. e3 g6 6. Nc3 d6 7. a4 Bg7 8. Nf3 O-O 9. Ra3 axb5 10. Bxb5 Na6 11. O-O Nb4 12. e4 Bg4 13. h3 Bxf3 14. Qxf3 Nc2 15. Ra2 Nd4 16. Qe2 Nd7 17. Be3 Nb6 18. Bd3 Ra5 19. Ra3 Qd7 20. Bxd4 Bxd4 21. Bb5 Qa7 22. Qc2 Ra8 23. Bc6 Rb8 24. Nb5 Rxb5 25. axb5 Qc7 26. Rfa1 Qd8 27. Ra7 Qf8 28. R1a6 Bf6 29. Qc1 h5 30. Rb7 Rxb7 31. Bxb7 Nd7 32. Ra8 Nb8 33. Qa1 Kh7 34. Bc6 Bd4 35. b6 f5 36. Rxb8 Qxb8 37. exf5 Qxb6 38. fxg6+ Kxg6 39. Qb1+ Kf6 40. Be8 Qxb2 41. Qg6+ Ke5 42. Qe6+ Kf4 43. g3+ Kf3 44. Bxh5# 1-0

[Event "Late-Titled-Tuesday-Blitz-March-05-2024"]
[Site "Chess.com"]
[Date "2024.03.05"]
[Round "5"]
[White "JoakimVonAnd"]
[Black "andrzej"]
[Result "1-0"]
[WhiteElo "2705"]
[BlackElo "2497"]
[TimeControl "180+1"]
[EndTime "14:54:45 PST"]
[Termination "JoakimVonAnd won on time"]

1. d4 d5 2. c4 e6 3. Nc3 Nf6 4.
cxd5 exd5 5. Bg5 c6 6. e3 h6 7.
Bh4 Be7 8. Bd3 O-O 9. Qc2 Re8 10. Nf3 Ne4 11. Bxe7 Qxe7 12. Bxe4 dxe4 13. Nd2 f5 14. O-O Be6 15. Rab1 a5 16. a3 Nd7 17. b4 axb4 18.
axb4 b5 19. d5 Bxd5 20. Nxd5 cxd5 21. Qc6 Nf6 22. Qxb5 Rab8 23. Qc5 Qe5 24. Rfc1 Ng4 25. Qc7 d4 26. Qxe5 Nxe5 27. exd4 Nd3 28. Rc4 f4 29. Rb3 e3 30. fxe3 fxe3 31. Rxd3 e2 32. Nf3 e1=Q+ 33.
Nxe1 Rxe1+ 34. Kf2 Rb1 35. d5 R1xb4 36. Rxb4 Rxb4 37. d6 Rb8 38. Kf3 Kf7 39. d7 Rd8 40. Kf4 Ke7 41. Kf5 Rf8+ 42. Kg6 Kd8 43. Rd2 Rg8 44. Kf7 Rh8 45. Kxg7 1-0

[Event "Late-Titled-Tuesday-Blitz-March-05-2024"]
[Site "Chess.com"]
[Date "2024.03.05"]
[Round "5"]
[White "VladimirKramnik"]
[Black "kids2010"]
[Result "1-0"]
[WhiteElo "2976"]
[BlackElo "2804"]
[TimeControl "180+1"]
[EndTime "14:54:46 PST"]
[Termination "VladimirKramnik won by checkmate"]

1. c4 e5 2. d3 Nc6 3. Nf3 f5 4. Nc3 Nf6 5. g3 Be7 6. Bg2 O-O 7. O-O d6 8. Rb1 Qe8 9. b4 Qh5 10. b5 Nd8 11. Nd5 Nxd5 12. cxd5 f4 13. Qc2 Bh3 14.
Qxc7 Rf7 15. Ba3 g5 16. Bxd6 Rc8 17. Qxe7 Rxe7 18. Bxe7 Nf7 19. Rbc1 h6 20. d6 Rxc1 21. Rxc1 Bxg2 22. Kxg2 Qg6 23. d7 Qe6 24. Rc8+ Kh7 25. Rf8 Qxd7 26. Rxf7+ Kg8 27. Rf8+ Kg7 28. Ba3 g4 29.
Nh4 Qd5+ 30. Kg1 Qxa2 31. Nf5+ Kg6 32. Be7 Qxe2 33. Rf6+ Kh7 34. Rf7+ Kg8 35. Nxh6+ Kh8 36. Bf6# 1-0

[Event "Late-Titled-Tuesday-Blitz-March-05-2024"]
[Site "Chess.com"]
[Date "2024.03.05"]
[Round "5"]
[White "ninguno46"]
[Black "GAO"]
[Result "0-1"]
[WhiteElo "2507"]
[BlackElo "2315"]
[TimeControl "180+1"]
[EndTime "14:54:46 PST"]
[Termination "GAO won on time"]

1. e4 c5 2. Nc3 Nc6 3. f4 g6 4.
Nf3 Bg7 5. Bb5 Nd4 6. O-O e6 7. Nxd4 cxd4 8. Ne2 Ne7 9. d3 O-O 10. Ba4 a6 11. Bb3 b5 12. Kh1 Bb7 13. Ng1 f5 14.
Qe2 Qc7 15. Nf3 Rac8 16. a4 Bc6 17. axb5 axb5 18. Bd2 Qb7 19. e5 Bd5 20. Nxd4 Bxb3 21. cxb3 Qd5 22. Bb4 Rf7 23. Bxe7 Rxe7 24. Nf3 Qxb3 25.
Rac1 Ree8 26. Qd2 h6 27. h3 Kh7 28. Rc3 Qd5 29. Rfc1 Rxc3 30. Rxc3 d6 31. Rc7 dxe5 32.
Nxe5 Qd6 33. Rd7 Qc5 34. d4 Qb6 35. Qc3 Rd8 36. Qg3 g5 37. Rxd8 Qxd8 38. fxg5 Qxg5 39. Qe1 Qf4 0-1

[Event "Late-Titled-Tuesday-Blitz-March-05-2024"]
[Site "Chess.com"]
[Date "2024.03.05"]
[Round "5"]
[White "baag"]
[Black "Zavgorodniy_Sergiy"]
[Result "1-0"]
[WhiteElo "2852"]
[BlackElo "2621"]
[TimeControl "180+1"]
[EndTime "14:54:47 PST"]
[Termination "baag won by resignation"]

1. c4 c5 2. g3 Nc6 3. Bg2 g6 4. Nf3 Bg7 5. O-O e6 6. Nc3 Nge7 7. b3 O-O 8. Bb2 d5 9. cxd5 Nxd5 10. Rc1 Nxc3 11.
Bxc3 Bxc3 12. Rxc3 Qd6 13. Qc1 b6 14. d4 Nxd4 15.
Nxd4 cxd4 16. Rc7 Rb8 17. Rxa7 e5 18. Rd1 Bg4 19. Qd2 Rfd8 20. h3 Bf5 21. g4 Be6 22. e3 Bd5 23. exd4 Bxg2 24. Kxg2 exd4 25. Qd3 Rbc8 26. Qf3 Rc7 27. Rxc7 Qxc7 28. Qe4 Qc3 29. Rd3 Qc5 30. h4 h6 31. a4 Kg7 32. Kh3 Rd6 33.
Kg3 Rd5 34. f4 Qc2 35. Kf3 Rd7 36. g5 hxg5 37. hxg5 Qc5 38. Qe5+ Kf8 39. Qxc5+ bxc5 40. Ke4 Ke7 41. Ke5 Rd8 42. Rd1 Rb8 43. Kd5 Rxb3 44. Kxc5 d3 45. Kc4 Ra3 46. Kb4 Ra2 47. Rxd3 Ke6 48.
a5 Kf5 49. Rd4 Rb2+ 50. Kc5 Rc2+ 51. Kb5 Rb2+ 52. Rb4 Ra2 53. a6 Rd2 54. a7 Rd8 55. Kc6 Re8 56. Rb8 Re6+ 57. Kb5 1-0

[Event "Late-Titled-Tuesday-Blitz-March-05-2024"]
[Site "Chess.com"]
[Date "2024.03.05"]
[Round "5"]
[White "HajiyevKanan"]
[Black "DeTimmerman"]
[Result "0-1"]
[WhiteElo "2541"]
[BlackElo "2752"]
[TimeControl "180+1"]
[EndTime "14:54:47 PST"]
[Termination "DeTimmerman won by checkmate"]

1. d4 Nf6 2. Nf3 e6 3. c4 d5 4. cxd5 exd5 5. Nc3 c6 6. Qc2 Bd6 7. Bg5 O-O 8. e3 a5 9. Bd3 h6 10. Bh4 Na6 11. a3 Nc7 12. O-O Ne6 13. Rab1 Bd7 14. Rfc1 Re8 15. Ne5 Ng5 16. Bg3 Be6 17. f4 Nge4 18.
Nxe4 Nxe4 19. b4 axb4 20. axb4 f6 21. Nf3 Bf7 22. Bh4 g5 23. fxg5 hxg5 24. Be1 Qe7 25.
b5 c5 26. Bxe4 dxe4 27. dxc5 exf3 28. cxd6 Qxd6 29. Bg3 Qd5 30. Qc3 Ra2 31. Rb2 Rxe3 32. Qxe3 Rxb2 33. Qxf3 Qd2 34. Rf1 Bd5 35. Qf2 Qc3 36.
b6 Rxf2 37. Bxf2 Qd3 38. Re1 Kf7 39. h3 Bc6 40. Kh2 Qd5 41. Rg1 Kg6 42. Kh1 f5 43. Kh2 f4 44. Re1 Qxg2# 0-1

[Event "Late-Titled-Tuesday-Blitz-March-05-2024"]
[Site "Chess.com"]
[Date "2024.03.05"]
[Round "5"]
[White "Perecke"]
[Black "janhelmer03"]
[Result "1-0"]
[WhiteElo "2546"]
[BlackElo "2402"]
[TimeControl "180+1"]
[EndTime "14:54:48 PST"]
[Termination "Perecke won by resignation"]

1. e4 c5 2. Nf3 d6 3. d4 cxd4 4.
Nxd4 Nf6 5. Nc3 g6 6. Be3 Bg7 7. f3 O-O 8. Qd2 Nc6 9. O-O-O d5 10. exd5 Nxd5 11. Nxc6 bxc6 12. Bd4 Nxc3 13. Qxc3 Bxd4 14. Rxd4 Qb6 15. h4 e5 16. Rb4 Qa5 17. a3 Be6 18. h5 Qc7 19. Bc4 Bxc4 20. Rxc4 Rac8 21. Rch4 g5 22. Rc4 h6 23. Qd3 Qe7 24. Re1 f6 25. Qe4 Qf7 26. g4 f5 27. gxf5 Qxf5 28. Qxe5 Qxe5 29.
Rxe5 Rxf3 30. Re6 Rd8 31. b3 Rf1+ 32. Kb2 Rf7 33. Rxh6 Rg7 34. Rcxc6 g4 35. Rhg6 Rd5 36. h6 Rxg6 37. Rxg6+ Kh7 38. Rxg4 Kxh6 39. c4 Rd7 40. b4 Kh5 41. Rg1 Rd3 42. Rg7 1-0

[Event "Late-Titled-Tuesday-Blitz-March-05-2024"]
[Site "Chess.com"]
[Date "2024.03.05"]
[Round "5"]
[White "SpeedofLight0"]
[Black "Rud_2008"]
[Result "1-0"]
[WhiteElo "3099"]
[BlackElo "2762"]
[TimeControl "180+1"]
[EndTime "14:54:49 PST"]
[Termination "SpeedofLight0 won by resignation"]

1. d4 Nf6 2. Nc3 d5 3. Bf4 Bf5 4. e3 c6 5. Bd3 e6 6. Nf3 Nbd7 7. O-O Be7 8. Ne5 O-O 9. f3 Bxd3 10. cxd3 Nxe5 11.
Bxe5 Nd7 12. Bg3 c5 13. dxc5 Nxc5 14. d4 Nd7 15. Qb3 Qb6 16. Rfc1 Rac8 17. Kf2 Rc4 18. Qxb6 axb6 19. Ke2 Rfc8 20. Kd3 b5 21. a3 Nb6 22.
Be1 R4c6 23. Rcb1 Na4 24. Nxb5 Rb6 25. b3 Rxb5 26. bxa4 Rxb1 27. Rxb1 Rc7 28. a5 h5 29.
Bb4 Bd8 30. Bc5 Rd7 31. Bb6 Be7 32. a4 Bd6 33. f4 Be7 34. Rc1 f5 35. Rc8+ Kf7 36.
Ra8 h4 37. Ra7 Ke8 38. Ra8+ Kf7 39. a6 bxa6 40. Rxa6 Rd6 41. a5 Bd8 42. Ra7+ Kf6 43.
Bc5 Rc6 44. a6 Kg6 45. Ra8 Bb6 46. a7 Bxc5 47. dxc5 Rb6 48. cxb6 1-0

[Event "Late-Titled-Tuesday-Blitz-March-05-2024"]
[Site "Chess.com"]
[Date "2024.03.05"]
[Round "5"]
[White "LiemLe"]
[Black "GoltsevDmitry2000"]
[Result "1-0"]
[WhiteElo "3053"]
[BlackElo "2701"]
[TimeControl "180+1"]
[EndTime "14:54:53 PST"]
[Termination "LiemLe won on time"]

1. d4 e6 2. c4 d5 3. Nc3 Nf6 4.
cxd5 exd5 5. Bg5 c6 6. e3 h6 7. Bh4 Bf5 8. Qf3 Bg6 9. Bxf6 Qxf6 10. Qxf6 gxf6 11. Nf3 Nd7 12. Nh4 Bd6 13. Ne2 Bb4+ 14. Kd1 O-O-O 15. Nf4 Rhg8 16. Bd3 Nf8 17. Bf5+ Kb8 18. g4 Bxf5 19. Nxf5 Rxg4 20. Nxh6 Rh4 21. Nf5 Rh7 22. h4 Ng6 23. h5 Nxf4 24. exf4 Rdh8 25. Ng3 Bd6 26. Rh4 f5 27. Ke2 Be7 28. Rh3 Bf6 29.
Kd3 b6 30. Rah1 c5 31. Nxf5 c4+ 32. Kc3 Re8 33. Re3 Re6 34. h6 Kc7 35. Rhe1 Kd7 36. a4 a6 37. b3 b5 38. axb5 axb5 39. Ra1 Rb6 40. Ra7+ Kd8 41. Rg3 Rh8 42. h7 b4+ 43. Kc2 Bg5 44. Rxg5 Rg6 45. Ra8+ 1-0

[Event "Late-Titled-Tuesday-Blitz-March-05-2024"]
[Site "Chess.com"]
[Date "2024.03.05"]
[Round "5"]
[White "vladgoncharov"]
[Black "northridgehawk"]
[Result "1-0"]
[WhiteElo "2627"]
[BlackElo "2318"]
[TimeControl "180+1"]
[EndTime "14:54:53 PST"]
[Termination "vladgoncharov won by resignation"]

1. d4 Nf6 2. c4 c5 3. d5 b5 4. cxb5 a6 5. b6 Bb7 6. Nc3 e6 7. e4 exd5 8. exd5 d6 9. Bc4 Be7 10. a4 a5 11. Nf3 O-O 12. O-O Nbd7 13. b3 Nxb6 14. Re1 Re8 15. h3 Nxc4 16. bxc4 Nd7 17. Rb1 Ba6 18. Nb5 Nb6 19. Qc2 Qd7 20. Bd2 Bc8 21. Re4 Qd8 22. Re2 g6 23. Rbe1 Bd7 24. Qb3 Bf8 25. Rxe8 Bxe8 26. Rxe8 Qxe8 27. Nc7 Qd8 28.
Nxa8 Nxa8 29. Qb5 Nc7 30. Qxa5 Qe7 31. Qb6 Na8 32. Qb8 Nc7 33. a5 Na6 34. Qb6 Nb4 35.
Bxb4 cxb4 36. Qxb4 Qa7 37. Qb6 Qe7 38. a6 Qe2 39. a7 Qd1+ 40. Kh2 Qc1 41. g3 Qxc4 42.
a8=Q Kg7 43. Kg2 h5 44. Qbc6 Qd3 45. Qae8 g5 46. Nxg5 Kg6 47. Qe4+ f5 48. Qxd3 1-0

[Event "Late-Titled-Tuesday-Blitz-March-05-2024"]
[Site "Chess.com"]
[Date "2024.03.05"]
[Round "5"]
[White "K_A_S_T_O_R"]
[Black "Jospem"]
[Result "1/2-1/2"]
[WhiteElo "2825"]
[BlackElo "3098"]
[TimeControl "180+1"]
[EndTime "14:54:54 PST"]
[Termination "Game drawn by repetition"]

1. e4 e5 2. Nf3 Nc6 3. Bb5 a6 4. Ba4 Nf6 5. Qe2 b5 6. Bb3 Be7 7. c3 d6 8. O-O O-O 9. Rd1 Na5 10.
Bc2 c5 11. d4 Qc7 12. d5 Nc4 13. b3 Nb6 14. c4 Bd7 15. a4 bxa4 16. bxa4 Rfe8 17. a5 Nc8 18. Nbd2 Bd8 19. Nf1 Ne7 20. Ne3 Ng6 21. g3 Rb8 22. Bd2 Qa7 23. Bc3 Bc7 24. Kg2 Rb7 25. Rdb1 Reb8 26. Rxb7 Rxb7 27. Qd2 Qb8 28. Nf5 Bd8 29. Qc1 h6 30. N3h4 Nxh4+ 31. Nxh4 Qc8 32. f3 Ne8 33. Nf5 h5 34. Qe1 g6 35. Ne3 Bg5 36. h4 Bh6 37. Rb1 Qb8 38. Kf2 Bf8 39. Rxb7 Qxb7 40. Qb1 Qc8 41. Qd1 Be7 42.
Ba4 Bd8 43. Bxd7 Qxd7 44. Qb3 Qc8 45. Kg2 Ng7 46. Qb1 g5 47. hxg5 Bxg5 48. Nf5 Nxf5 49. exf5 Qd7 50. Qc2 h4 51. g4 Qe7 52. Be1 Qb7 53.
Kh3 f6 54. Kg2 Kg7 55. Kh3 Kg8 56. Kg2 Kg7 57. Kh3 Kg8 1/2-1/2

[Event "Late-Titled-Tuesday-Blitz-March-05-2024"]
[Site "Chess.com"]
[Date "2024.03.05"]
[Round "5"]
[White "TheBigBoss04"]
[Black "Cambek64"]
[Result "1-0"]
[WhiteElo "2687"]
[BlackElo "2479"]
[TimeControl "180+1"]
[EndTime "14:54:55 PST"]
[Termination "TheBigBoss04 won on time"]

1. e4 e6 2. d3 d5 3. Nd2 c5 4. Ngf3 Nc6 5. g3 Nf6 6. Bg2 Be7 7. O-O O-O 8. a4 a6 9. Re1 Rb8 10. e5 Nd7 11. Nf1 b5 12. h4 c4 13. axb5 axb5 14.
d4 b4 15. h5 Bb7 16. N1h2 Ra8 17. Rb1 Qb6 18. Bf4 Rfb8 19. h6 g6 20. Qd2 Qd8 21. Ng4 Ba6 22. Qe3 Bb5 23. Bh3 Ra2 24. Ng5 c3 25. bxc3 Rxc2 26. cxb4 Qb6 27. Nf6+ Bxf6 28. exf6 Nf8 29. Bxb8 Qxb8 30. Nxf7 Kxf7 31. Bxe6+ Kxf6 32. Qf3+ Kg5 33. Qe3+ Kf6 34. Bxd5 Qd6 35. Be4 1-0